 Dungeon Crawl Stone Soup version 0.24.0-123-gd5b16e6ec5 (webtiles) character file.

Game seed: 8459553612206474394, levelgen mode: deterministic

47939 Riock the Bludgeoner (level 14, -12/127 HPs)
             Began as a Minotaur Berserker on Jan 3, 2020.
             Was the Champion of Trog.
             Mangled by a shambling mangrove (21 damage)
             ... on level 3 of the Swamp.
             The game lasted 01:54:17 (17833 turns).

Riock the Bludgeoner (Minotaur Berserker)          Turns: 17833, Time: 01:54:18

Health: -12/127    AC: 15    Str: 33    XL:     14   Next: 10%
Magic:  11/11      EV: 17    Int:  4    God:    Trog [******]
Gold:   160        SH:  0    Dex: 15    Spells: 13/13 levels left

rFire    + + .     SeeInvis .   a - +11 great mace of False Accusations {crush, Str+4 Stlth+}
rCold    . . .     Gourm    .   (shield currently unavailable)
rNeg     . . .     Faith    .   B - +3 ring mail
rPois    +         Spirit   .   (helmet restricted)
rElec    .         Reflect  .   w - +1 cloak {MR+}
rCorr    .         Harm     .   (no gloves)
MR       +++..                  U - +0 pair of boots of the Garden {rPois rF+ MR++}
Stlth    ++........             d - amulet of regeneration
HPRegen  0.71/turn              s - ring of protection from cold
MPRegen  0.12/turn              t - ring "Duudi" {Fire MR- Str+7}

@: grasped by roots, berserk cooldown, slowed, constricted, studying Crossbows,
very slow
A: retaliatory headbutt, horns 2, low mp 1, poison resistance, MP-powered wands
a: Berserk, Trog's Hand, Brothers in Arms, Renounce Religion


You were on level 3 of the Swamp.
You worshipped Trog.
Trog was exalted by your worship.
You were not hungry.

You visited 3 branches of the dungeon, and saw 19 of its levels.
You also visited: Sewer.

You collected 1146 gold pieces.
You spent 986 gold pieces at shops.

Inventory:

Hand Weapons
 a - the +11 great mace of False Accusations (weapon) {crush, Str+4 Stlth+}
   (Trog gifted it to you on level 2 of the Lair of Beasts)

   It inflicts extra damage upon your enemies.
   It affects your strength (+4).
   It makes you more stealthy.
 b - a +5 antimagic flail
Armour
 e - a +2 chain mail of fire resistance
 f - a +2 leather armour of cold resistance
 w - a +1 cloak of magic resistance (worn)
 B - a +3 ring mail (worn)
 O - a +2 buckler of protection
 U - the +0 pair of boots of the Garden (worn) {rPois rF+ MR++}
   (You bought it in a shop on level 11 of the Dungeon)

   It protects you from fire.
   It protects you from poison.
   It affects your resistance to hostile enchantments.
Jewellery
 c - an uncursed amulet of the gourmand
 d - an amulet of regeneration (around neck)
 s - a ring of protection from cold (left hand)
 t - the ring "Duudi" (right hand) {Fire MR- Str+7}
   (You acquired it on level 1 of the Swamp)

   [ring of fire]

   It enhances your fire magic.
   It affects your strength (+7).
   It protects you from fire.
   It makes you vulnerable to cold.
   It affects your resistance to hostile enchantments.
 M - an uncursed ring of protection from cold
Wands
 o - a wand of flame (24)
 p - a wand of digging (4)
 y - a wand of acid (11)
 A - a wand of iceblast (11)
 F - a wand of clouds (4)
Scrolls
 g - 7 scrolls of blinking
 h - 6 scrolls of remove curse
 i - a scroll of holy word {unknown}
 j - 2 scrolls of fog
 k - 3 scrolls of enchant weapon
 n - a scroll of teleportation
 q - 2 scrolls of magic mapping
 C - 2 scrolls of enchant armour {unknown}
 D - a scroll of vulnerability {unknown}
 J - 3 scrolls of identify
 N - a scroll of fear {unknown}
Potions
 l - 2 potions of flight
 m - a potion of berserk rage {unknown}
 u - 2 potions of ambrosia {unknown}
 v - 2 potions of mutation
 x - a potion of magic {unknown}
 z - a potion of haste
 E - a potion of resistance {unknown}
 H - 3 potions of lignification
 K - a potion of curing
 L - a potion of agility
 P - 2 potions of cancellation
 Q - a potion of might
 S - a potion of brilliance {unknown}
Books
 R - a manual of Crossbows
Miscellaneous
 G - a sack of spiders
Comestibles
 r - 27 rations


   Skills:
 + Level 12.6 Fighting
 * Level 16.7 Maces & Flails
 + Level 12.9 Armour
 + Level 13.3 Dodging
 - Level 6.9 Shields


You had 13 spell levels left.
You didn't know any spells.
Your spell library was empty.

Dungeon Overview and Level Annotations

Branches:
Dungeon (11/15)            Temple (0/1) D:5            Lair (5/6) D:11
  Swamp (3/4) Lair:4        Snake (0/4) Lair:4        Sewer (visited)
  Slime: Lair:5-6       Orc: D:9-12

Altars:
Cheibriados
Fedhas
Okawaru
Qazlal
Ru
Sif Muna
Uskayaw
Zin
Lugonu

Shops:
D:6 [   D:7 !}   D:9 :   D:11 [

Annotations:
D:3 exclusion: door
D:6 2 transporters


Innate Abilities, Weirdness & Mutations

You reflexively headbutt those who attack you in melee.
You have a pair of horns on your head.
Your magical capacity is low. (-10% MP)
Your system is resistant to poisons. (rPois)
You expend magic power (3 MP) to strengthen your wands.


Message History

Here: a shambling mangrove Some shallow water.
* * * LOW HITPOINT WARNING * * *
The grasping roots constrict you!
You crush the shambling mangrove like a grape!!!
You headbutt the shambling mangrove, but do no damage.
The shambling mangrove is heavily damaged.
The shambling mangrove hits you!
* * * LOW HITPOINT WARNING * * *
x2 The grasping roots constrict you.
You feel better.
The shambling mangrove barely misses you.
You furiously retaliate!
You headbutt the shambling mangrove!!
* * * LOW HITPOINT WARNING * * *
The grasping roots constrict you!
You hit the shambling mangrove but do no damage.
You headbutt the shambling mangrove, but do no damage.
The shambling mangrove is severely damaged.
The shambling mangrove hits you!!
You die...

♣♣≈≈..≈.≈≈...≈.....≈.§≈♣♣
♣.≈.≈≈.....§....≈.≈....≈♣
♣♣.......≈†§§..........♣♣
♣♣§♣≈.≈..≈.≈....≈.≈....♣
♣≈...≈≈.....†.≈..≈≈..≈.♣♣
♣♣♣≈..........≈...†.....≈♣
.♣♣.♣.♣♣...≈..†≈†.≈..♣..≈♣
≈.≈≈?≈.........≈....≈..≈♣♣
..≈.♣......≈.≈.f@......≈♣
≈.♣♣♣≈♣.......≈....≈..≈≈♣
...♣ ...≈...≈..≈≈≈....≈.♣
...♣ ≈♣...........≈§.≈≈..♣
≈≈.♣ ♣.........#..≈......♣
≈≈≈.♣ ..##.........≈...♣
≈≈..≈.≈ #...###..≈≈§..
.♣♣≈≈.≈ .... ......♣ .♣
♣≈...


You could see a shambling mangrove.

Vanquished Creatures
  A tentacled monstrosity (Swamp:2)
  Aizul (Swamp:1)
  7 hydras
  A two-headed ogre (D:9)
  7 alligators
  A spriggan (Swamp:1)
  Nergalle (Lair:1)
  4 swamp dragons
  A cyclops (D:11)
  A manticore (D:11)
  2 black mambas (Lair:4)
  10 spiny frogs
  4 torpor snails (Lair:3)
  5 komodo dragons
  A troll (D:10)
  5 tyrant leeches
  Grinder (D:3)
  A hornet (Swamp:1)
  7 slime creatures (Swamp:1)
  9 blink frogs
  3 bog bodies
  7 dream sheep (Lair:4)
  10 hippogriffs
  3 shadows
  9 yaks
  A vampire (D:10)
  7 wyverns
  6 fire bats (Lair:2)
  3 basilisks
  13 vampire mosquitoes
  Grum (D:10)
  A hungry ghost (D:10)
  Menkaure (D:6)
  4 insubstantial wisps
  7 swamp worms
  An acid dragon (D:11)
  11 water moccasins
  4 porcupines
  4 swamp drakes
  Purgy (D:3)
  A black bear (D:11)
  A sky beast (D:9)
  A necrophage (D:10)
  2 ice beasts
  15 wolves
  8 centaurs
  4 phantoms
  3 ogres
  6 crocodiles
  A big kobold (D:8)
  20 bullfrogs
  A water moccasin skeleton (D:9)
  5 scorpions
  4 wights (D:10)
  A howler monkey (D:10)
  6 crimson imps
  6 jellies
  A quasit (D:6)
  8 hounds
  3 orc wizards
  3 orc priests
  2 centaur skeletons (D:5)
  A bullfrog skeleton (D:8)
  2 worker ants
  5 iguanas
  2 hound zombies
  A howler monkey zombie (D:9)
  A worker ant zombie (D:10)
  21 adders
  3 gnolls (D:7)
  4 shadow imps
  18 oozes
  2 adder zombies
  4 adder skeletons
  2 worms
  4 dart slugs
  13 leopard geckos
  19 orcs
  8 bats
  15 giant cockroaches
  6 goblins
  12 hobgoblins
  19 jackals
  7 quokkas
  17 ball pythons
  12 frilled lizards
  A jackal zombie (D:6)
  8 kobolds
  10 rats
486 creatures vanquished.

Vanquished Creatures (collateral kills)
  A ghost crab (Swamp:2)
  A spiny frog (Swamp:2)
  A bog body (Swamp:2)
  3 vampire mosquitoes (Swamp:2)
6 creatures vanquished.

Grand Total: 492 creatures vanquished

Notes
Turn   | Place    | Note
-------+----------+-------------------------------------------
     0 | D:1      | Riock the Minotaur Berserker began the quest for the Orb.
     0 | D:1      | Reached XP level 1. HP: 19/19 MP: 0/0
   181 | D:1      | Reached XP level 2. HP: 20/27 MP: 1/1
   359 | D:1      | Reached skill level 4 in Maces & Flails
   552 | D:1      | You fall into a shaft and drop 1 floor!
   584 | D:2      | Reached ** piety under Trog
   937 | D:1      | Reached XP level 3. HP: 32/33 MP: 2/2
  2571 | D:3      | Reached XP level 4. HP: 26/40 MP: 3/3
  2576 | D:3      | Noticed a bullfrog
  2588 | D:3      | Killed a bullfrog
  2588 | D:3      | Reached skill level 5 in Maces & Flails
  2805 | D:3      | Reached XP level 5. HP: 47/47 MP: 4/4
  2928 | D:3      | Found a shimmering blue altar of Sif Muna.
  3004 | D:3      | You fall into a shaft and drop 1 floor!
  3014 | D:3      | Reached *** piety under Trog
  3081 | D:3      | Noticed Purgy
  3088 | D:3      | Killed Purgy
  3323 | D:3      | Reached XP level 6. HP: 52/55 MP: 5/5
  3366 | D:3      | Reached skill level 5 in Fighting
  3366 | D:3      | Reached skill level 6 in Maces & Flails
  3565 | D:3      | Noticed Grinder
  3583 | D:3      | Paralysed by Grinder for 3 turns
  3588 | D:3      | Killed Grinder
  3588 | D:3      | Reached skill level 1 in Shields
  3588 | D:3      | Reached XP level 7. HP: 31/61 MP: 6/6
  4317 | D:5      | Entered Level 5 of the Dungeon
  4317 | D:5      | Found an iron altar of Okawaru.
  4493 | D:5      | Found a glowing drain.
  4498 | Sewer    | Entered a sewer
  4594 | Sewer    | Received a gift from Trog
  4757 | Sewer    | Reached skill level 5 in Dodging
  4764 | Sewer    | Reached skill level 7 in Maces & Flails
  4775 | Sewer    | Reached skill level 5 in Armour
  4881 | Sewer    | Reached **** piety under Trog
  4902 | Sewer    | Reached XP level 8. HP: 53/70 MP: 7/7
  5643 | D:5      | Found a staircase to the Ecumenical Temple.
  5845 | D:6      | Found a blossoming altar of Fedhas.
  5850 | D:6      | Found Zocyeghi's Armour Shoppe.
  5855 | D:6      | Bought a +1 cloak of magic resistance for 214 gold pieces
  5900 | D:6      | Found a transporter.
  5900 | D:6      | Found a glowing silver altar of Zin.
  5918 | D:6      | Found a transporter.
  5944 | D:6      | Reached skill level 8 in Maces & Flails
  5963 | D:6      | Noticed Menkaure
  5998 | D:6      | Killed Menkaure
  6210 | D:6      | Reached ***** piety under Trog
  6426 | D:6      | Found a snail-covered altar of Cheibriados.
  6521 | D:6      | Noticed a hippogriff
  6530 | D:6      | Killed a hippogriff
  6530 | D:6      | Reached XP level 9. HP: 53/78 MP: 8/8
  6961 | D:6      | Gained mutation: Your magical capacity is low. (-10% MP)
                  | [potion of mutation]
  6961 | D:6      | Gained mutation: Your system is resistant to poisons.
                  | (rPois) [potion of mutation]
  6961 | D:6      | Gained mutation: You expend magic power (3 MP) to
                  | strengthen your wands. [potion of mutation]
  6972 | D:7      | Found a stormy altar of Qazlal.
  6998 | D:7      | Found Nytta's Distillery.
  7060 | D:7      | Reached skill level 9 in Maces & Flails
  7424 | D:7      | Found Nike Vuu's Gadget Shop.
  7750 | D:6      | Bought a +0 pair of boots for 58 gold pieces
  7835 | D:8      | Reached skill level 5 in Shields
  7887 | D:8      | Found a sacrificial altar of Ru.
  8252 | D:8      | Reached skill level 10 in Maces & Flails
  8485 | D:9      | Reached XP level 10. HP: 87/88 MP: 8/8
  8500 | D:9      | Noticed a +0 hand axe
  8501 | D:9      | Noticed a +0 hand axe
  8503 | D:9      | Found a hide-covered altar of Uskayaw.
  8528 | D:9      | Found Vaajot's Book Shoppe.
  8852 | D:9      | Found a corrupted altar of Lugonu.
  8852 | D:9      | Noticed a rust devil
  9041 | D:10     | Entered Level 10 of the Dungeon
  9152 | D:10     | Received a gift from Trog
  9158 | D:10     | Noticed Grum
  9176 | D:10     | Noticed a two-headed ogre
  9546 | D:10     | Reached skill level 11 in Maces & Flails
  9629 | D:9      | Killed a two-headed ogre
  9912 | D:10     | Killed Grum
  9912 | D:10     | Reached skill level 10 in Dodging
 10129 | D:11     | Noticed a cyclops
 10140 | D:11     | Killed a cyclops
 10140 | D:11     | Reached XP level 11. HP: 95/95 MP: 8/8
 10290 | D:11     | Found a staircase to the Lair.
 10447 | D:10     | Got a warped fustibalus {god gift}
 10541 | D:11     | Reached skill level 12 in Maces & Flails
 10712 | D:11     | Found Zodure's Armour Emporium.
 10848 | D:6      | Bought a +2 buckler of protection for 279 gold pieces
 11084 | Lair:1   | Entered Level 1 of the Lair of Beasts
 11293 | Lair:1   | Noticed a five-headed hydra
 11304 | Lair:1   | Killed a five-headed hydra
 12413 | Lair:2   | Received a gift from Trog
 12425 | Lair:2   | Got a shimmering great mace {god gift}
 12426 | Lair:2   | Identified the +11 great mace of False Accusations {crush,
                  | Str+4 Stlth+} (Trog gifted it to you on level 2 of the Lair
                  | of Beasts)
 12759 | Lair:2   | Noticed Nergalle
 12778 | Lair:1   | Killed Nergalle
 12778 | Lair:1   | Reached skill level 13 in Maces & Flails
 12847 | Lair:2   | Identified a +1 pair of boots of running (You found it on
                  | level 2 of the Lair of Beasts)
 12925 | Lair:2   | Reached skill level 10 in Fighting
 13055 | Lair:2   | Reached XP level 12. HP: 92/106 MP: 9/9
 13100 | Lair:2   | Reached skill level 10 in Armour
 13245 | Lair:3   | Noticed a four-headed hydra
 13257 | Lair:2   | Killed a four-headed hydra
 13566 | Lair:3   | You fall into a shaft and drop 2 floors!
 13738 | Lair:4   | Reached skill level 14 in Maces & Flails
 13843 | Lair:4   | Found a staircase to the Snake Pit.
 13934 | Lair:4   | Found a staircase to the Swamp.
 14258 | Lair:3   | Found a snail-covered altar of Cheibriados.
 14323 | Lair:3   | Reached ****** piety under Trog
 14705 | Lair:4   | Received a gift from Trog
 15225 | Lair:4   | Noticed a five-headed hydra
 15232 | Lair:4   | Killed a five-headed hydra
 15232 | Lair:4   | Reached XP level 13. HP: 116/116 MP: 10/10
 15472 | Swamp:1  | Entered Level 1 of the Swamp
 15480 | Swamp:1  | Noticed Aizul
 15492 | Swamp:1  | Killed Aizul
 15492 | Swamp:1  | Reached skill level 15 in Maces & Flails
 16502 | D:11     | Bought the +0 pair of boots of the Garden {rPois rF+ MR++}
                  | for 435 gold pieces
 16671 | Swamp:1  | Identified 2 scrolls of acquirement
 16697 | Swamp:1  | Got a glittering amber ring
 16698 | Swamp:1  | Identified the ring "Duudi" {Fire MR- Str+7} (You acquired
                  | it on level 1 of the Swamp)
 16888 | Swamp:2  | Reached skill level 16 in Maces & Flails
 17560 | Swamp:2  | Noticed a tentacled monstrosity
 17566 | Swamp:2  | Killed a tentacled monstrosity
 17722 | Swamp:3  | Reached XP level 14. HP: 116/127 MP: 11/11
 17833 | Swamp:3  | Mangled by a shambling mangrove

Levels and vault maps discovered:
D:1:      dpeg_arrival_brainrot, layout_loops_ring, hex_tiny
D:2:      layout_basic
D:3:      layout_basic, led_sif_book, uniq_purgy, uniq_grinder
D:4:      layout_rooms
D:5:      layout_gridville, okawaru_gym_becter,
          minmay_temple_entry_statues_fountains, first_ration,
          gup_sewer_entry_spiral
D:6:      minmay_clustersquares, layout_cave_pools,
          gammafunk_temple_overflow_arena, fedhas_altar_1, cheibriados_altar_1,
          serial_shops, kennysheep_little_box, minmay_holes, uniq_menkaure
D:7:      layout_loops_ring, serial_shops, nicolae_shop_statue_plus,
          nicolae_shop_waterfront, basic_altar
D:8:      layout_rooms, nicolae_ru_great_annihilating_truth
D:9:      layout_small_grid, dancing_weapons_uskayaw, serial_shops, shop,
          hangedman_little_slice_of_home, lemuel_hellish_altar
D:10:     layout_cave_pools, uniq_grum
D:11:     layout_long_grid, lair_entry_dummy, serial_shops, shop
Lair:1:   layout_layer_cave, grunt_megastairs_2
Lair:2:   layout_gridlike, grunt_megastairs_5, uniq_nergalle
Lair:3:   layout_cave_pods, kennysheep_snail_temple
Lair:4:   cheibrodos_lair_river_kwai, layout_regular_city,
          skrybe_swamp_entry_bodies, minmay_snake_entry_six_corridors,
          beast_lair_carwin_6
Lair:5:   layout_cave_pods
Swamp:1:  layout_basic_swamp, evilmike_swamp_ruin_house_6, uniq_aizul
Swamp:2:  layout_basic_swamp, evilmike_swamp_ruin_house_2
Swamp:3:  layout_basic_swamp, evilmike_swamp_ruin_rubble_1

Skill      XL: |  1  2  3  4  5  6  7  8  9 10 11 12 13 |
---------------+----------------------------------------+-----
Maces & Flails | 4 5 6 7 8 10 11 13 14 16 | 16.7
Fighting       | 4 5 6 7 8 10 11 12 | 12.6
Armour         | 3 4 5 6 7 8 9 11 12 | 12.9
Dodging        | 3 4 5 7 8 10 11 12 13 | 13.3
Shields        | 1 2 4 5 6 |  6.9

Action                   |  1- 3 |  4- 6 |  7- 9 | 10-12 | 13-15 || total
-------------------------+-------+-------+-------+-------+-------++-------
Melee: Mace              |    98 |    57 |   223 |       |       ||   378
       Headbutt          |     6 |    11 |    71 |    94 |    54 ||   236
       Flail             |       |       |   174 |   129 |       ||   303
       Morningstar       |       |       |       |   143 |       ||   143
       Great mace        |       |       |       |   192 |   181 ||   373
Invok: Berserk           |       |     2 |     8 |    15 |     9 ||    34
       Trog's Hand       |       |       |       |     1 |       ||     1
       Brothers in Arms  |       |       |       |       |     1 ||     1
Evoke: Wand              |       |       |     1 |     1 |       ||     2
  Use: Scroll            |     3 |       |    10 |    10 |     8 ||    31
       Potion            |       |       |     4 |     8 |     3 ||    15
 Stab: Paralysed         |       |       |     1 |       |       ||     1
       Sleeping          |       |       |       |     4 |     1 ||     5
  Eat: Chunk             |     5 |     2 |    35 |    24 |     4 ||    70
       Ration            |       |     1 |       |     4 |     4 ||     9
Armor: Animal skin       |     4 |       |       |       |       ||     4
       Ring mail         |    12 |       |    54 |   167 |    53 ||   286
       Leather armour    |     5 |    23 |    79 |       |       ||   107
Dodge: Dodged            |    57 |    50 |   262 |   436 |   182 ||   987
Block: Buckler           |       |     2 |    77 |    94 |       ||   173
